 Dungeon Crawl Stone Soup version 0.19-a0-684-gf760df0 (webtiles) character file.

19616 Kenran the Arsonist (level 12, -3/96 HPs)
             Began as a Pale Draconian Fire Elementalist on June 18, 2016.
             Was a High Priest of Vehumet.
             Slain by a death yak (26 damage)
             ... on level 3 of the Lair of Beasts.
             The game lasted 01:03:17 (17120 turns).

Kenran the Arsonist (DrFE)                         Turns: 17120, Time: 01:03:18

Health: -3/96      AC: 13    Str: 12    XL:     12   Next: 38%
Magic:  3/24       EV: 18    Int: 20    God:    Vehumet [*****.]
Gold:   894        SH:  8    Dex: 11    Spells: 6 memorised, 7 levels left

rFire  . . .     SeeInvis .     H - +2 trident (flame)
rCold  . . .     Gourm    .     (armour unavailable)
rNeg   . . .     Faith    .     i - +3 buckler
rPois  +         Spirit   .     (helmet restricted)
rElec  .         Dismiss  .     a - +1 cloak
rCorr  .         Reflect  .     p - +2 pair of gloves
SustAt .         Harm     .     (no boots)
MR     .....                    y - amulet of regeneration
Stlth  ++........               f - +3 ring of evasion
                                x - ring of poison resistance

@: not resistant to hostile enchantments, unstealthy
A: breathe steam, unfitting armour, hooves 1, blink, cold-blooded, AC +8
a: Breathe Steam, Blink, Renounce Religion


You were on level 3 of the Lair of Beasts.
You worshipped Vehumet.
Vehumet was extremely pleased with you.
You were hungry.

You visited 3 branches of the dungeon, and saw 15 of its levels.
You also visited: Volcano.

You collected 894 gold pieces.

Inventory:

Hand Weapons
 H - a +2 trident of flaming (weapon)
Armour
 a - a +1 cloak (worn)
 i - a +3 buckler (worn)
 p - a +2 pair of gloves (worn)
Jewellery
 c - an uncursed ring of resist corrosion
 d - an uncursed ring of protection from magic
 f - a +3 ring of evasion (right hand)
 x - a ring of poison resistance (left hand)
 y - an amulet of regeneration (around neck)
 z - an uncursed amulet of faith {unknown}
Wands
 m - a wand of digging (24/24)
 s - a wand of polymorph (10/24)
 w - a wand of confusion (27/48)
 I - a wand of iceblast (9/15)
 K - a wand of teleportation (2/9) {@v4}
 M - a wand of lightning (9/15)
Scrolls
 g - 6 scrolls of recharging
 j - a scroll of blinking
 r - 4 scrolls of remove curse {@r2}
 t - 4 scrolls of identify {@r1}
 A - 2 scrolls of magic mapping
 C - a scroll of fog
 J - a scroll of teleportation {@r4}
Potions
 e - 2 potions of ambrosia
 k - 7 potions of curing {@q1}
 l - 3 potions of lignification {!q}
 n - a potion of might
 q - a potion of flight
 u - 2 potions of agility
 B - 4 potions of brilliance
 E - a potion of heal wounds {@q2}
Books
 h - a book of Flames

   Spells                             Type                      Level
   a - Flame Tongue                   Conjuration/Fire             1
   b - Throw Flame                    Conjuration/Fire             2
   c - Conjure Flame                  Conjuration/Fire             3
   d - Inner Flame                    Hexes/Fire                   3
   e - Sticky Flame                   Conjuration/Fire             4
   f - Fireball                       Conjuration/Fire             5
 v - a book of Conjurations

   Spells                             Type                      Level
   a - Magic Dart                     Conjuration                  1
   b - Searing Ray                    Conjuration                  2
   c - Dazzling Spray                 Conjuration/Hexes            3
   d - Fulminant Prism                Conjuration/Hexes            4
   e - Iskenderun's Mystic Blast      Conjuration                  4
   f - Iskenderun's Battlesphere      Conjuration/Charms           5
 L - a book of Callings

   Spells                             Type                      Level
   a - Summon Small Mammal            Summoning                    1
   b - Call Imp                       Summoning                    2
   c - Call Canine Familiar           Summoning                    3
   d - Summon Guardian Golem          Hexes/Summoning              3
   e - Summon Lightning Spire         Summoning/Air                4
   f - Summon Ice Beast               Ice/Summoning                4
Miscellaneous
 G - a phantom mirror
Comestibles
 b - 10 bread rations {@e1}
 o - 7 meat rations {@e1}
 D - 26 fruits {@e2}


   Skills:
 - Level 6.0 Fighting
 - Level 6.0 Polearms
 - Level 6.1 Dodging
 - Level 1.7 Stealth
 - Level 5.1 Shields
 - Level 8.0 Spellcasting
 - Level 10.0 Conjurations
 - Level 6.0 Charms
 + Level 10.5 Fire Magic


You had 7 spell levels left.
You knew the following spells:

 Your Spells              Type           Power        Failure   Level  Hunger
a - Flame Tongue          Conj/Fire      #####        1%          1    None
b - Throw Flame           Conj/Fire      #####.       1%          2    None
c - Sticky Flame          Conj/Fire      #####...     1%          4    ###....
d - Conjure Flame         Conj/Fire      #####...     1%          3    None
e - Fireball              Conj/Fire      #####.....   1%          5    #####..
f - Iskenderun's Battles  Conj/Chrm      #####...     2%          5    #####..


Dungeon Overview and Level Annotations

Branches:
Dungeon (11/15)            Temple (1/1) D:5            Lair (3/6) D:8
 Shoals (0/4) Lair:2
  Snake: Lair:2-4    Spider: Lair:2-4       Orc: D:9-12

Altars:
Ashenzari
Cheibriados
Dithmenos
Elyvilon
Fedhas
Gozag
Hepliaklqana
Kikubaaqudgha
Makhleb
Nemelex Xobeh
Okawaru
Pakellas
Qazlal
Ru
Sif Muna
Trog
Uskayaw
Vehumet
Xom
Yredelemnul
Zin
The Shining One

Shops:
D:7 %

Annotations:
D:10 Sonja


Innate Abilities, Weirdness & Mutations

You can breathe blasts of scalding, opaque steam.
Your pale cyan-grey scales are hard. (AC +8)
Your body does not fit into most forms of armour.
You are cold-blooded and may be slowed by cold attacks.
You have large cloven feet.
You can translocate small distances at will.


Message History

The flame tongue hits the death yak.
The death yak is severely wounded.
Your battlesphere fires!
The barrage of energy hits the death yak.
The death yak is heavily wounded.
Your battlesphere expends the last of its energy and dissipates.
The death yak gores you but does no damage.
The death yak closely misses you.
The death yak gores you but does no damage.
Casting: Flame Tongue
Confirm with . or Enter, or press ? or * to list all spells.
Aiming: Flame Tongue
Press: ? - help, Shift-Dir - straight line, f/p - death yak
Aim: a death yak (severely wounded)
The flame tongue hits the death yak.
The death yak appears unharmed.
The death yak is severely wounded.
The death yak closely misses you. The death yak gores you!!
* * * LOW HITPOINT WARNING * * *
The death yak gores you!!
You die...

# ##...# #.##...#....# #
#P..# #.[.........# #
##.## #........#### #
#.# #.........# #
#Y######### #.........#
##
##Y##P..#P.###...#######
P## #..##..§.÷.....###
..#######.##...........#
...............Y@.....##
...............YY.>...##
P######....#####.#.#.#.#
## #P.### #######.# ####
###


You could see 3 death yaks.

Vanquished Creatures
  Maud (Lair:3)
  Snorg (D:11)
  Josephine (D:11)
  Erolcha (D:11)
  A hydra (Lair:3)
  A death yak (Lair:3)
  Urug (Lair:2)
  Pikel (D:4)
  2 black mambas (Lair:2)
  A torpor snail (Lair:2)
  4 spiny frogs
  A komodo dragon (D:8)
  A polar bear (Lair:3)
  3 trolls
  4 blink frogs (Lair:2)
  A snapping turtle (Lair:2)
  Sigmund (D:2)
  A wyvern (D:8)
  3 wraiths (D:11)
  12 yaks
  Eustachio (D:4)
  2 hippogriffs
  A hungry ghost (D:9)
  Grum (D:11)
  Edmund (D:4)
  Duvessa (D:4)
  2 water moccasins
  6 porcupines
  4 sky beasts
  3 slaves (D:5)
  A phantom (D:6)
  2 black bears
  A necrophage (D:9)
  6 ogres
  3 wolves (D:11)
  4 centaurs
  5 crocodiles
  Blork the orc (D:4)
  3 big kobolds
  10 giant frogs
  A gnoll sergeant (D:9)
  Dowan (D:4)
  A wyvern skeleton (D:10)
  A water moccasin skeleton (D:4)
  5 scorpions
  An electric eel (Lair:1)
  5 howler monkeys
  3 crimson imps
  2 centaur zombies
  5 hounds
  2 jellies
  2 orc priests (D:7)
  Crazy Yiuf (D:2)
  2 giant frog skeletons
  Ijyb (D:1)
  Jessica (D:2)
  8 orc wizards
  5 iguanas
  8 worker ants
  3 hound skeletons
  A howler monkey zombie (D:8)
  4 gnolls (D:9)
  2 howler monkey skeletons
  16 adders
  41 river rats
  3 shadow imps
  An adder zombie (D:5)
  2 adder skeletons
  4 worms
  2 dart slugs (D:1)
  10 giant geckos
  27 orcs
  4 ball pythons
  8 bats
  5 giant cockroaches
  10 goblins
  6 hobgoblins
  14 jackals
  A quokka (D:6)
  A giant cockroach zombie (D:6)
  A giant gecko zombie (D:5)
  5 giant newts
  A jackal skeleton (D:4)
  17 kobolds
  A quokka skeleton (D:4)
  9 rats
354 creatures vanquished.

Vanquished Creatures (others)
  An ogre (D:4)
  A giant frog skeleton (D:4)
  A fungus (Lair:1)
3 creatures vanquished.

Grand Total: 357 creatures vanquished

Notes
Turn   | Place    | Note
--------------------------------------------------------------
     0 | D:1      | Kenran the Draconian Fire Elementalist began the quest for the Orb.
     0 | D:1      | Reached XP level 1. HP: 14/14 MP: 3/3
     7 | D:1      | Noticed a water moccasin
     7 | D:1      | Noticed a hound
     7 | D:1      | Noticed a komodo dragon
     7 | D:1      | Noticed a polar bear
     7 | D:1      | Noticed a swamp drake
   278 | D:1      | Reached XP level 2. HP: 7/20 MP: 0/5
   986 | D:1      | Reached XP level 3. HP: 26/26 MP: 3/6
  1472 | D:2      | Noticed Ijyb
  1477 | D:2      | Learned a level 2 spell: Throw Flame
  1478 | D:2      | Noticed Sigmund
  1511 | D:1      | Killed Ijyb
  1619 | D:2      | Reached skill level 5 in Fire Magic
  1619 | D:2      | Reached XP level 4. HP: 33/33 MP: 3/7
  2017 | D:2      | Reached skill level 1 in Shields
  2155 | D:2      | Gained mutation: You can translocate small distances at will. [potion of beneficial mutation]
  2156 | D:2      | Gained mutation: You have large cloven feet. [potion of beneficial mutation]
  2201 | D:2      | Found a glowing silver altar of Zin.
  2376 | D:2      | Noticed Jessica
  2380 | D:2      | Killed Jessica
  2449 | D:2      | Noticed Crazy Yiuf
  2455 | D:2      | Killed Crazy Yiuf
  2455 | D:2      | Reached XP level 5. HP: 38/38 MP: 0/8
  2866 | D:3      | You fall through a shaft for 3 floors!
  2874 | D:5      | Entered Level 5 of the Dungeon
  2874 | D:5      | Found a staircase to the Ecumenical Temple.
  2880 | Temple   | Entered the Ecumenical Temple
  2922 | Temple   | Became a worshipper of Vehumet
  2965 | D:5      | Noticed a sky beast
  2974 | D:5      | Learned a level 4 spell: Sticky Flame
  2995 | Temple   | Killed a sky beast
  2995 | Temple   | Reached XP level 6. HP: 24/45 MP: 3/10
  3135 | Temple   | Learned a level 3 spell: Conjure Flame
  3155 | D:5      | Noticed a slave
  3177 | D:5      | Killed a slave
  3417 | D:5      | Noticed a slave
  3419 | D:5      | Noticed a slave
  3420 | D:5      | Noticed a slave
  3426 | D:5      | Noticed Pikel
  3439 | D:5      | Killed a slave
  3472 | D:5      | Killed a slave
  3803 | D:6      | Your scales start taking on a pale cyan-grey colour.
  3803 | D:6      | Reached XP level 7. HP: 50/50 MP: 0/11
  4409 | D:6      | Reached * piety under Vehumet
  4409 | D:6      | Offered knowledge of Freeze by Vehumet.
  4899 | D:5      | Reached XP level 8. HP: 32/57 MP: 3/14
  5088 | D:4      | Killed Pikel
  5219 | D:4      | Noticed Eustachio
  5277 | D:4      | Killed Eustachio
  5277 | D:4      | Reached skill level 5 in Conjurations
  5382 | D:4      | Noticed Duvessa
  5382 | D:4      | Noticed Dowan
  5395 | D:4      | Killed Duvessa
  5411 | D:4      | Killed Dowan
  5411 | D:4      | Reached skill level 1 in Fighting
  5545 | D:4      | Noticed Blork the orc
  5595 | D:4      | Killed Blork the orc
  5705 | D:4      | Noticed Edmund
  5727 | D:4      | Killed Edmund
  5727 | D:4      | Reached XP level 9. HP: 38/69 MP: 13/18
  6343 | D:4      | Reached ** piety under Vehumet
  6343 | D:4      | Offered knowledge of Sting by Vehumet.
  6354 | D:4      | Learned a level 5 spell: Fireball
  6835 | D:3      | Found a blossoming altar of Fedhas.
  7454 | D:3      | Found a shadowy altar of Dithmenos.
  7457 | D:3      | Found an ancient bone altar of Kikubaaqudgha.
  7460 | D:3      | Found a snail-covered altar of Cheibriados.
  7775 | D:3      | Found a deep blue altar of Sif Muna.
  7867 | D:2      | Killed Sigmund
  7921 | D:5      | Found a sacrificial altar of Ru.
  8357 | D:7      | Offered knowledge of Static Discharge by Vehumet.
  8555 | D:7      | Found a white marble altar of Elyvilon.
  8723 | D:7      | Found Kujamp's Food Boutique.
  9050 | D:8      | Reached *** piety under Vehumet
  9156 | D:8      | Found a staircase to the Lair.
  9157 | D:8      | Noticed a komodo dragon
  9233 | D:8      | Killed a komodo dragon
  9235 | D:8      | Reached skill level 10 in Fire Magic
  9235 | D:8      | Reached XP level 10. HP: 78/80 MP: 5/19
  9896 | D:8      | Offered knowledge of Ignite Poison by Vehumet.
  9973 | D:9      | Found a shattered altar of Ashenzari.
 11033 | D:10     | Entered Level 10 of the Dungeon
 11097 | D:9      | Reached skill level 5 in Shields
 11104 | D:9      | Learned a level 5 spell: Iskenderun's Battlesphere
 11302 | D:10     | Reached skill level 5 in Dodging
 11386 | D:10     | Noticed Sonja
 11415 | D:11     | Reached **** piety under Vehumet
 11471 | D:11     | Reached skill level 1 in Charms
 11563 | D:11     | Noticed Josephine
 11608 | D:11     | Killed Josephine
 11653 | D:11     | Reached skill level 5 in Charms
 11784 | D:11     | Noticed Grum
 11807 | D:11     | Killed Grum
 11815 | D:11     | Reached XP level 11. HP: 81/85 MP: 3/21
 11952 | D:11     | Offered knowledge of Venom Bolt by Vehumet.
 12227 | D:11     | Noticed Snorg
 12244 | D:11     | Killed Snorg
 12430 | D:11     | Noticed Erolcha
 12456 | D:11     | Killed Erolcha
 12737 | D:11     | Noticed an orc knight
 12958 | Lair:1   | Entered Level 1 of the Lair of Beasts
 13002 | Lair:1   | Reached skill level 5 in Fighting
 13026 | Lair:1   | Reached ***** piety under Vehumet
 13260 | Lair:1   | Found a dark tunnel.
 13265 | Volcano  | Entered a volcano
 13542 | Lair:1   | Offered knowledge of Poisonous Cloud by Vehumet.
 14727 | Lair:2   | Noticed Urug
 14931 | Lair:2   | Killed Urug
 15072 | Lair:2   | Reached skill level 10 in Conjurations
 15556 | Lair:2   | Found a staircase to the Shoals.
 16247 | Lair:3   | Noticed Maud
 16257 | Lair:3   | Offered knowledge of Olgreb's Toxic Radiance by Vehumet.
 16276 | Lair:2   | Reached skill level 1 in Polearms
 16276 | Lair:2   | Reached XP level 12. HP: 87/96 MP: 9/24
 16668 | Lair:3   | Killed Maud
 16668 | Lair:3   | Reached skill level 5 in Polearms
 16845 | Lair:3   | Noticed a four-headed hydra
 16853 | Lair:3   | Killed a four-headed hydra
 17071 | Lair:3   | Noticed a death yak
 17072 | Lair:3   | Noticed a death yak
 17072 | Lair:3   | Noticed a death yak
 17074 | Lair:3   | Noticed a death yak
 17083 | Lair:3   | Killed a death yak
 17120 | Lair:3   | Slain by a death yak

Vault maps used:
D:1:      onia_arrival_zoo_common, minivault_19
D:2:      lemuel_doored_altar, serial_forest, infiniplex_forest_straight_3,
          infiniplex_forest_lined_2, infiniplex_forest_clump_diagonal,
          infiniplex_forest_lined_2, infiniplex_forest_straight_4,
          infiniplex_forest_clump_tiny, uniq_iyjb, uniq_crazy_yiuf_cottage,
          uniq_jessica, uniq_sigmund
D:3:      grunt_temple_overflow_cloverleaf, first_bread,
          minmay_misc_feat_more_columns, lemuel_blue_sif_altar
D:4:      uniq_duvessa, uniq_eustachio, uniq_blork_the_orc, uniq_edmund
D:5:      minmay_temple_entry_overgrown, nicolae_ru_awakened_eye, uniq_pikel
D:7:      elyvilon_altar_4, serial_shops, nicolae_shop_crystal
D:8:      dpeg_lair_monsters
D:9:      blue_anna_alchemist, evilmike_ruin_ashenzari
D:10:     enter_bailey_3, uniq_sonja
D:11:     david_orc_5, uniq_erolcha, uniq_josephine, uniq_grum, uniq_snorg
Temple:   nicolae_temple_x_marks_the_god_16
Lair:1:   enter_volcano_1, nicolae_quartered_pool_super, serial_bayou_shore_a,
          serial_bayou_shore_b
Lair:2:   minmay_shoals_entry_hut, uniq_urug
Lair:3:   uniq_maud
Volcano:  volcano_aerie

Skill      XL: |  1  2  3  4  5  6  7  8  9 10 11 12 |
---------------+-------------------------------------+-----
Fire Magic     | 4 5 6 8 10 | 10.5
Shields        | 2 5 |  5.1
Spellcasting   | 3 4 6 7 8 |  8.0
Conjurations   | 4 6 7 10 | 10.0
Fighting       | 3 4 6 |  6.0
Dodging        | 4 5 6 |  6.1
Charms         | 5 6 |  6.0
Polearms       | 1 6 |  6.0
Stealth        | |  1.7

Action                   |  1- 3 |  4- 6 |  7- 9 | 10-12 || total
-------------------------+-------+-------+-------+-------++-------
Melee: Unarmed           |     2 |       |       |       ||     2
       Dagger            |    34 |    99 |    97 |    21 ||   251
       Tailslap          |     5 |     9 |    13 |    10 ||    37
       Kick              |       |    18 |    24 |    37 ||    79
       Trident           |       |       |       |   121 ||   121
 Cast: Flame Tongue      |    54 |    87 |   289 |   599 ||  1029
       Throw Flame       |     1 |     4 |     1 |    35 ||    41
       Conjure Flame     |       |     1 |     7 |     5 ||    13
       Fireball          |       |       |     5 |    12 ||    17
       Iskenderun's Batt |       |       |       |    24 ||    24
       Sticky Flame      |       |       |       |     3 ||     3
 Abil: Blink             |       |     1 |       |       ||     1
       Breathe Steam     |       |       |     1 |     3 ||     4
Evoke: Wand              |       |       |       |     1 ||     1
  Use: Scroll            |       |     4 |     9 |    13 ||    26
       Potion            |       |     3 |     1 |     2 ||     6
 Stab: Sleeping          |       |       |       |     1 ||     1
  Eat: Chunk             |     3 |     7 |    14 |    24 ||    48
       Beef jerky        |       |     1 |     1 |     5 ||     7
       Royal jelly       |       |       |     1 |       ||     1
       Pizza             |       |       |       |     1 ||     1
       Fruit             |       |       |       |     5 ||     5
Armor: Skin              |    14 |    33 |    86 |   101 ||   234
Dodge: Dodged            |    36 |    96 |   164 |   375 ||   671
Block: Buckler           |     6 |     6 |       |   180 ||   192
